 Dungeon Crawl Stone Soup version 0.29.0-4-gdea44cf6ec (webtiles) character file.

Game seed: 620576114576318837

41 qw the Chopper (level 3, -1/21 HPs)
             Began as a Tengu Warper on Aug 28, 2022.
             Slain by a hobgoblin (4 damage)
             ... on level 2 of the Dungeon.
             The game lasted 00:00:06 (1457 turns).

qw the Chopper (Tengu Warper)                       Turns: 1457, Time: 00:00:07

Health: -1/21      AC:  4    Str: 13    XL:     3   Next: 52%
Magic:  7/7        EV: 12    Int: 13    God:
Gold:   43         SH:  0    Dex: 13    Spells: 6/6 levels left

rFire   . . .      SeeInvis .   Y - +0 hand axe
rCold   . . .      Faith    .   (no shield)
rNeg    . . .      Spirit   .   b - +0 leather armour
rPois   .          Reflect  .   (helmet restricted)
rElec   .          Harm     .   d - +0 cloak
rCorr   .          Rampage  .   (no gloves)
Will    .....                   (boots unavailable)
Stlth   +.........              (no amulet)
HPRegen 0.07/turn               (no ring)
MPRegen 0.10/turn               (no ring)

@: no status effects
A: beak, talons 3
a: no special abilities


You were on level 2 of the Dungeon.
You visited 1 branch of the dungeon, and saw 2 of its levels.

You collected 43 gold pieces.


Innate Abilities, Weirdness & Mutations

You have a beak for a mouth.
You have claws for feet.


   Skills:
 - Level 2.0 Fighting
 + Level 4.2 Axes
 - Level 1.0 Throwing
 - Level 1.1 Armour
 - Level 2.1 Dodging
 - Level 2.0 Spellcasting
 - Level 2.4 Translocations


You had 6 spell levels left.
You didn't know any spells.
Your spell library contained the following spells:

 Spells                   Type           Power      Damage    Failure   Level
 Blink                    Tloc           14%        N/A       19%         2
 Gell's Gravitas          Tloc           7%         N/A       36%         3
 Lesser Beckoning         Tloc           7%         N/A       36%         3
 Teleport Other           Tloc           7%         N/A       36%         3
 Manifold Assault         Tloc           7%         N/A       98%         5

Inventory:

Hand Weapons
 i - a +0 flail
 Y - a +0 hand axe (weapon)
Armour
 b - a +0 leather armour (worn)
 d - a +0 cloak (worn)
Scrolls
 g - a scroll of identify
Potions
 e - a potion of might {unknown}

Dungeon Overview and Level Annotations

Branches:
Dungeon (2/15)

Altars:

Annotations:
D:2 Robin


Message History

The goblin barely misses you. x2
Robin roars a battlecry!
The goblins go into a battle-frenzy!
You closely miss the goblin. You claw the goblin, but do no damage.
You peck the goblin.
The goblin is severely wounded.
The goblin barely misses you.
A goblin comes into view. It is wielding a +0 club.
You closely miss the goblin.
The goblin shouts!
You claw the goblin.
You kill the goblin!
A goblin comes into view.
It is wielding a +0 dagger of protection.
Robin throws the goblin at you!
You hit the goblin.
The goblin is heavily wounded.
The goblin hits you with a +0 club.
You closely miss the goblin. You claw the goblin.
You kill the goblin!
A ball python comes into view.
The ball python moves out of view.
You closely miss the goblin. Your peck misses the goblin.
A goblin comes into view. It is wielding a +0 club.
The goblin closely misses you.
You hit the goblin.
The goblin is heavily wounded.
The goblin hits you with a +0 club.
You hit the goblin.
You kill the goblin!
You hit the hobgoblin. You claw the hobgoblin.
You kill the hobgoblin!
You hit the hobgoblin but do no damage. Your kick misses the hobgoblin.
You peck the hobgoblin.
The hobgoblin is severely wounded.
Robin throws the goblin at you! The hobgoblin hits you. The goblin misses you.
You barely miss the hobgoblin. Your kick misses the hobgoblin.
The hobgoblin is severely wounded.
You closely miss the goblin. The hobgoblin hits you.
You die...

######## #......#
#.####.# #.##...#
.#########.##.#.#
......<%...##.#########.
#####..######..g@ggg.g.g
##.# ############ #.#
#.# #.# #.. ###


You could see Robin, 2 hobgoblins and 3 goblins.

Vanquished Creatures
  An adder (D:2)
  3 ball pythons (D:1)
  5 endoplasms (D:1)
  5 goblins
  5 hobgoblins
  3 jackals (D:1)
  2 kobolds (D:1)
  2 frilled lizards (D:1)
26 creatures vanquished.

Notes
Turn   | Place    | Note
-------+----------+-------------------------------------------
     0 | D:1      | qw the Tengu Warper began the quest for the Orb.
     0 | D:1      | Reached XP level 1. HP: 12/12 MP: 4/4
     0 | D:1      | 0 ||| qw: Version: 0.1-a-89-g26bdef1
     0 | D:1      | 0 ||| qw: Game counter: 975
     0 | D:1      | 0 ||| qw: Always use a shield: true
     0 | D:1      | 0 ||| qw: God list: Okawaru
     0 | D:1      | 0 ||| qw: Allow faded altars: false
     0 | D:1      | 0 ||| qw: Do Orc after D:15 true
     0 | D:1      | 0 ||| qw: Do second Lair branch before Depths: true
     0 | D:1      | 0 ||| qw: Lair rune preference: random
     0 | D:1      | 0 ||| qw: Plans: Normal
     0 | D:1      | 0 ||| PLANNING D:1-11
   200 | D:1      | Reached skill level 3 in Axes
   200 | D:1      | Reached XP level 2. HP: 14/17 MP: 6/6
   269 | D:1      | 269 ||| Stepping ~*~*~tactically~*~*~ (stealth).
   270 | D:1      | 270 ||| Stepping ~*~*~tactically~*~*~ (stealth).
   285 | D:1      | 285 ||| Stepping ~*~*~tactically~*~*~ (stealth).
   286 | D:1      | 286 ||| Stepping ~*~*~tactically~*~*~ (stealth).
   287 | D:1      | 287 ||| Stepping ~*~*~tactically~*~*~ (stealth).
   542 | D:1      | 542 ||| DROPPING +0 club.
   817 | D:1      | 817 ||| Stepping ~*~*~tactically~*~*~ (stealth).
  1197 | D:1      | 1197 ||| UPGRADING to +0 cloak.
  1202 | D:1      | 1202 ||| READING scroll labelled CAECOUV HIOSS.
  1203 | D:1      | 1203 ||| READING 2 scrolls labelled ESMIMA ERECIH.
  1204 | D:1      | 1204 ||| READING 2 scrolls labelled NUTHRE PAEPHUE.
  1205 | D:1      | 1205 ||| READING scroll labelled PUTHEL YVATTA.
  1210 | D:1      | 1210 ||| DROPPING scroll of blinking.
  1211 | D:1      | 1211 ||| DROPPING scroll of fog.
  1222 | D:2      | 1222 ||| STAIRDANCE
  1229 | D:1      | Reached XP level 3. HP: 17/21 MP: 7/7
  1288 | D:2      | Reached skill level 4 in Axes
  1288 | D:2      | 1288 ||| STAIRDANCE
  1441 | D:2      | Noticed Robin
  1456 | D:2      | HP: 3/21 [hobgoblin (4)]
  1457 | D:2      | Slain by a hobgoblin

Levels and vault maps discovered:
D:1:      elethiomel_arrival_infinity_welcomes_careful_drivers, layout_basic,
          chequers_serial_rivers_large_b
D:2:      layout_basic, shapermc_ecumenical_altar_notcrosses, uniq_robin

Skill      XL: |  1  2  3 |
---------------+----------+-----
Axes           | 3 4 |  4.2
Fighting       | |  2.0
Throwing       | |  1.0
Armour         | |  1.1
Dodging        | |  2.1
Spellcasting   | |  2.0
Translocations | |  2.4

Action                   || total
-------------------------++-------
Melee: Hand axe          ||    61
       Peck              ||    15
       Kick              ||    14
Throw: Boomerang         ||     7
  Use: Scroll            ||     4
Armor: Leather armour    ||    10
Dodge: Dodged            ||    30

Table legend:
 A = Non-vault XP
 B = Vault XP
 C = Vault XP percentage of total XP
 D = Non-vault monster count
 E = Vault monster count
 F = Vault count percentage of total count
                 A         B        C        D         E       F
            +---------+---------+-------+---------+---------+-------
      Total |      49 |      10 |  16.9 |      21 |       5 |  19.2
            +---------+---------+-------+---------+---------+-------
        D:1 |      34 |       0 |   0.0 |      19 |       0 |   0.0
        D:2 |      15 |      10 |  40.0 |       2 |       5 |  71.4
            +---------+---------+-------+---------+---------+-------
